 Dungeon Crawl Stone Soup version 0.29-a0-9-g022ca4c890 (webtiles) character file.

Game seed: 11542984683760280635

483 Grim the Carver (level 6, -1/51 HPs)
             Began as a Minotaur Fighter on Jan 28, 2022.
             Killed from afar by Dowan (4 damage)
             ... with a puff of flame
             ... on level 4 of the Dungeon.
             The game lasted 00:05:13 (4554 turns).

Grim the Carver (Minotaur Fighter)                  Turns: 4554, Time: 00:05:14

Health: -1/51      AC: 11    Str: 21    XL:     6   Next: 87%
Magic:  5/5        EV:  7    Int:  7    God:
Gold:   77         SH:  4    Dex:  9    Spells: 5/5 levels left

rFire   . . .      SeeInvis .   a - +0 long sword
rCold   . . .      Faith    .   c - +0 buckler
rNeg    . . .      Spirit   .   m - +0 chain mail
rPois   .          Reflect  .   (helmet restricted)
rElec   .          Harm     .   o - +0 cloak
rCorr   .          Rampage  .   (no gloves)
Will    .....                   q - +0 pair of boots
Stlth   ..........              (no amulet)
HPRegen 0.17/turn               (no ring)
MPRegen 0.09/turn               (no ring)

@: hasted, very quick
A: horns 2, retaliatory headbutt
a: no special abilities


You were on level 4 of the Dungeon.
You visited 1 branch of the dungeon, and saw 4 of its levels.

You collected 77 gold pieces.

Inventory:

Hand Weapons
 a - a +0 long sword (weapon)
Missiles
 i - 118 stones (quivered)
Armour
 c - a +0 buckler (worn)
 m - a +0 chain mail (worn)
 o - a +0 cloak (worn)
 q - a +0 pair of boots (worn)
Jewellery
 u - an amulet of faith
Scrolls
 g - a scroll of amnesia
 h - 2 scrolls of fog
 k - a scroll of enchant weapon {unknown}
 l - a scroll of silence {unknown}
 s - 2 scrolls of teleportation {unknown}
 t - a scroll of magic mapping {unknown}
 v - a scroll of immolation {unknown}
 x - 2 scrolls of identify {unknown}
Potions
 b - a potion of curing {unknown}
 d - a potion of cancellation {unknown}
 e - 2 potions of haste
 f - a potion of attraction {unknown}
 j - a potion of flight {unknown}
 n - a potion of heal wounds {unknown}
 p - a potion of brilliance {unknown}
 r - a potion of invisibility {unknown}
 w - a potion of lignification {unknown}


   Skills:
 - Level 3.6 Fighting
 + Level 9.0 Long Blades
 - Level 3.6 Armour
 - Level 3.6 Shields


You had 5 spell levels left.
You didn't know any spells.
Your spell library was empty.

Dungeon Overview and Level Annotations

Branches:
Dungeon (4/15)
 Temple: D:4-7

Altars:

Annotations:
D:3 2 runed translucent doors, Ijustatesigmund's ghost, amateur GrFi
D:4 Dowan; Sigmund


Innate Abilities, Weirdness & Mutations

You have a pair of horns on your head.
You reflexively headbutt those who attack you in melee.


Message History

Dowan casts a spell.
Dowan blinks!
Dowan mumbles some strange words.
Dowan blinks!
Dowan zaps a wand.
The puff of flame hits you but does no damage.
You barely miss Dowan.
Dowan is heavily wounded.
Dowan hits you but does no damage.
You closely miss Dowan. Your headbutt misses Dowan.
Dowan is heavily wounded.
Dowan hits you with a +0 dagger.
Dowan gestures wildly while chanting.
Dowan blinks!
You miss Dowan.
Dowan is heavily wounded.
You block Dowan's attack.
You closely miss Dowan.
Dowan is heavily wounded.
Dowan hits you but does no damage. Dowan gestures at you while chanting.
The shard of ice hits you!!
* * * LOW HITPOINT WARNING * * *
You are too injured to fight recklessly!
You are too injured to fight recklessly!
Unknown command.
You barely miss Dowan.
Dowan is heavily wounded.
Dowan zaps a wand.
The puff of flame hits you.
* * * LOW HITPOINT WARNING * * *
You miss Dowan.
Dowan is heavily wounded.
Dowan hits you with a +0 dagger.
* * * LOW HITPOINT WARNING * * *
Dowan breathes, "And she was my only..."
Dowan gestures at you while chanting. The stone arrow hits you!
* * * LOW HITPOINT WARNING * * *
It was a potion of haste.
You feel yourself speed up.
Dowan zaps a wand.
The puff of flame hits you.
You die...

##.##...# #.#.#.#.#
#.##...# #.#.#.#.#
#.##...# #.#.#.#.#
#..#...####.#.#[#.#
##.#...........<#.#
#.#............#.#
#..............'.#
##.##..........###
#.##.....e@...#
#(##..........#
#.##..........#
#..#..........#
##.#..........#
.#..........#
#..........#
#..#####'##### ##.
#.#


You could see Dowan (fast).

Vanquished Creatures
  Duvessa (D:4)
  A centaur (D:3)
  A centaur skeleton (D:4)
  A hound (D:3)
  2 orc priests (D:4)
  An iguana (D:4)
  An orc wizard (D:3)
  5 adders
  5 worms
  2 dart slugs (D:1)
  2 orcs (D:4)
  13 bats
  4 endoplasms
  3 giant cockroaches
  6 hobgoblins
  2 quokkas
  7 ball pythons
  5 frilled lizards
  2 goblins
  7 kobolds
  6 rats
77 creatures vanquished.

Notes
Turn   | Place    | Note
-------+----------+-------------------------------------------
     0 | D:1      | Grim the Minotaur Fighter began the quest for the Orb.
     0 | D:1      | Reached XP level 1. HP: 19/19 MP: 0/0
    97 | D:1      | Reached skill level 3 in Long Blades
   102 | D:1      | Reached XP level 2. HP: 24/26 MP: 1/1
   849 | D:2      | Reached skill level 4 in Long Blades
  1036 | D:2      | Reached XP level 3. HP: 31/31 MP: 2/2
  1480 | D:2      | Reached skill level 5 in Long Blades
  1736 | D:3      | Reached XP level 4. HP: 29/39 MP: 3/3
  2410 | D:3      | Found a runed translucent door.
  2413 | D:3      | Noticed Ijustatesigmund's ghost (amateur GrFi)
  2493 | D:3      | Found a runed translucent door.
  2977 | D:4      | Reached skill level 6 in Long Blades
  2977 | D:4      | Reached XP level 5. HP: 26/45 MP: 4/4
  2978 | D:4      | Noticed a centaur
  3119 | D:4      | Noticed Sigmund
  3373 | D:3      | Reached skill level 7 in Long Blades
  3480 | D:3      | Killed a centaur
  3481 | D:3      | Reached XP level 6. HP: 41/51 MP: 5/5
  3846 | D:4      | Reached skill level 8 in Long Blades
  4312 | D:4      | Noticed Duvessa
  4312 | D:4      | Noticed Dowan
  4343 | D:4      | Killed Duvessa
  4344 | D:4      | Reached skill level 9 in Long Blades
  4553 | D:4      | HP: 2/51 [Dowan/stone arrow (10)]
  4554 | D:4      | Killed from afar by Dowan

Illustrated notes

Levels and vault maps discovered:
D:1:      enne_arrival_octagon_isle, layout_basic
D:2:      layout_basic
D:3:      layout_loops_corners, ebering_ghost_sewer_f, serial_co_window_serial,
          co_window_paths_a, co_window_corner_a, co_window_paths_b,
          co_window_of_opportunity_a, co_window_corner_a,
          co_window_of_opportunity_c, co_window_of_opportunity_c,
          co_window_corner_ca, co_window_2corner, co_window_broadway_c,
          co_window_corner_b, co_window_4corner_a, glass_columns_a,
          glass_columns_b, glass_columns_b, glass_columns_c
D:4:      layout_basic, uniq_sigmund, uniq_duvessa

Skill      XL: |  1  2  3  4  5  6 |
---------------+-------------------+-----
Long Blades    | 3 4 5 6 7 9 |  9.0
Fighting       | |  3.6
Armour         | |  3.6
Shields        | |  3.6

Action                   |  1- 3 |  4- 6 || total
-------------------------+-------+-------++-------
Melee: Long sword        |    85 |    99 ||   184
       Headbutt          |    12 |    14 ||    26
  Use: Scroll            |       |     2 ||     2
       Potion            |       |     2 ||     2
Armor: Scale mail        |    17 |       ||    17
       Chain mail        |    38 |    70 ||   108
Dodge: Dodged            |    27 |    39 ||    66
Block: Buckler           |    30 |    28 ||    58

Table legend: (Time is in decaauts)
 A = Elapsed time spent in this place.
 B = Non-inter-level travel time spent in this place.
 C = Inter-level travel time spent in this place.
 D = Time resting spent in this place.
 E = Time spent auto-exploring this place.
 F = Levels seen in this place.
 G = Mean time per level.
                   A        B        C        D        E       F      G
               +--------+--------+--------+--------+--------+-----+--------+
         Total |   4592 |   4419 |    173 |   1454 |   2391 |   4 | 1148.0 |
       Dungeon |   4592 |   4419 |    173 |   1454 |   2391 |   4 | 1148.0 |
               +--------+--------+--------+--------+--------+-----+--------+

Top non-repeatable levels by time:
     D:3: 2740 daAuts
     D:2: 819 daAuts
     D:1: 745 daAuts
     D:4: 287 daAuts
